 Dungeon Crawl Stone Soup version 0.27.1 (webtiles) character file.

Game seed: 15957440639537520865

29 Naeght the Poker (level 3, -10/27 HPs)
             Began as a Merfolk Gladiator on Aug 23, 2021.
             Mangled by Terence (18 damage)
             ... on level 2 of the Dungeon.
             The game lasted 00:00:59 (1325 turns).

Naeght the Poker (Merfolk Gladiator)                Turns: 1325, Time: 00:01:01

Health: -10/27     AC:  4    Str: 15    XL:     3   Next: 16%
Magic:  3/3        EV: 13    Int:  7    God:
Gold:   37         SH:  0    Dex: 15    Spells: 2/2 levels left

rFire    . . .     SeeInvis .   a - +0 trident
rCold    . . .     Faith    .   (no shield)
rNeg     . . .     Spirit   .   b - +0 leather armour
rPois    .         Reflect  .   c - +0 helmet
rElec    .         Harm     .   (no cloak)
rCorr    .         Rampage  .   (no gloves)
Will     .....                  (no boots)
Stlth    +.........             (no amulet)
HPRegen  0.09/turn              (no ring)
MPRegen  0.08/turn              (no ring)

@: no status effects
A: (nimble swimmer 2), mertail
a: no special abilities


You were on level 2 of the Dungeon.
You visited 1 branch of the dungeon, and saw 2 of its levels.

You collected 37 gold pieces.

Inventory:

Hand Weapons
 a - a +0 trident (weapon)
Missiles
 d - 2 throwing nets (quivered)
Armour
 b - a +0 leather armour (worn)
 c - a +0 helmet (worn)
Scrolls
 f - a scroll of noise {unknown}
Potions
 e - a potion of haste {unknown}


   Skills:
 - Level 2.1 Fighting
 * Level 6.2 Polearms
 - Level 2.0 Throwing
 - Level 4.0 Dodging


You had 2 spell levels left.
You didn't know any spells.
Your spell library was empty.

Dungeon Overview and Level Annotations

Branches:
Dungeon (2/15)

Altars:

Annotations:
D:2 Terence


Innate Abilities, Weirdness & Mutations

((You are quick and stealthy near water. (Stealth+, EV+, Speed+++)))
Your lower body shifts to a powerful aquatic tail in water.


Message History

Terence hits you with a +5 short sword of electrocution.
You puncture Terence!
Terence is heavily wounded.
Terence closely misses you.
You barely miss Terence.
Terence is heavily wounded.
Terence barely misses you.
You hit Terence but do no damage.
Terence is heavily wounded.
You barely miss Terence.
Terence is heavily wounded.
Terence hits you with a +5 short sword of electrocution.
You closely miss Terence.
Terence is heavily wounded.
Terence barely misses you.
You barely miss Terence.
Terence is heavily wounded.
Terence barely misses you.
You hit Terence but do no damage.
Terence is heavily wounded.
Terence barely misses you.
You barely miss Terence.
Terence is heavily wounded.
Terence hits you with a +5 short sword of electrocution.
You hit Terence but do no damage.
Terence is heavily wounded.
Terence hits you with a +5 short sword of electrocution.
You closely miss Terence.
Terence is heavily wounded.
Terence hits you with a +5 short sword of electrocution.
You are too injured to fight recklessly!
You are too injured to fight recklessly!
You are too injured to fight recklessly!
You hit Terence but do no damage.
Terence is heavily wounded.
Terence hits you with a +5 short sword of electrocution.
* * * LOW HITPOINT WARNING * * *
You are electrocuted!!
Ouch! That really hurt!
You die...

J..........#.#
......#.#....##
#..#.#<†......
#..........#.#
#..#...†.###..
#. #........#.
#..#..........
#............
+....@.......
#....@...##..
#........# ..
#........#
#....#####
#.... #####


You could see Terence.

Vanquished Creatures
  A dart slug (D:1)
  5 endoplasms (D:1)
  3 giant cockroaches
  A goblin (D:1)
  3 hobgoblins
  A kobold (D:1)
  A quokka (D:1)
  3 ball pythons (D:1)
  3 bats (D:1)
  A frilled lizard (D:1)
22 creatures vanquished.

Notes
Turn   | Place    | Note
-------+----------+-------------------------------------------
     0 | D:1      | Naeght the Merfolk Gladiator began the quest for the Orb.
     0 | D:1      | Reached XP level 1. HP: 16/16 MP: 1/1
   187 | D:1      | Reached skill level 5 in Polearms
   286 | D:1      | Reached XP level 2. HP: 22/22 MP: 2/2
   859 | D:1      | Reached skill level 6 in Polearms
   859 | D:1      | Reached XP level 3. HP: 22/27 MP: 3/3
  1306 | D:2      | Noticed Terence
  1325 | D:2      | Mangled by Terence

Illustrated notes

Levels and vault maps discovered:
D:1:      dpeg_arrival_fog, layout_basic
D:2:      layout_basic, uniq_terence

Skill      XL: |  1  2 |
---------------+-------+-----
Polearms       | 5 6 |  6.2
Fighting       | |  2.1
Throwing       | |  2.0
Dodging        | |  4.0

Action                   || total
-------------------------++-------
Melee: Trident           ||    70
Throw: Throwing net      ||     1
 Stab: Sleeping          ||     2
Armor: Leather armour    ||     6
Dodge: Dodged            ||    37
